 Dungeon Crawl Stone Soup version 0.27-a0-341-g40fdf68bc5 (webtiles) character file.

Game seed: 3609529028017759275

2055 Raphroland the Nimble (level 9, -3/64 HPs)
             Began as a Merfolk Berserker on Feb 12, 2021.
             Was an Elder of Trog.
             Slain by a water moccasin zombie (4 damage)
             ... on level 6 of the Dungeon on Feb 14, 2021.
             The game lasted 01:02:10 (6655 turns).

Raphroland the Nimble (Merfolk Berserker)           Turns: 6655, Time: 01:02:11

Health: -3/64      AC:  5    Str: 21    XL:     9   Next: 25%
Magic:  9/9        EV: 17    Int:  6    God:    Trog [****..]
Gold:   253        SH:  0    Dex: 19    Spells: 8/8 levels left

rFire    . . .     SeeInvis .   t - +4 quarterstaff (chaos)
rCold    . . .     Faith    .   (shield currently unavailable)
rNeg     . . .     Spirit   .   r - +0 chain mail
rPois    .         Reflect  .   (no helmet)
rElec    .         Harm     .   u - +0 cloak {Stlth+}
rCorr    .         Rampage  .   (no gloves)
Will     .....                  (no boots)
Stlth    ..........             d - amulet of the acrobat
HPRegen  0.20/turn              b - +4 ring of protection
MPRegen  0.11/turn              m - +6 ring of dexterity

@: corroded
A: change form in water, swift swim, stealthy swim
a: Renounce Religion, Berserk, Trog's Hand, Brothers in Arms


You were on level 6 of the Dungeon.
You worshipped Trog.
Trog was greatly pleased with you.
You visited 1 branch of the dungeon, and saw 6 of its levels.

You collected 253 gold pieces.

Inventory:

Hand Weapons
 f - a +1 trident of protection
 t - a +4 quarterstaff of chaos (weapon)
Armour
 r - a +0 chain mail (worn)
 u - a +0 cloak of stealth (worn)
Jewellery
 b - a +4 ring of protection (left hand)
 d - an amulet of the acrobat (around neck)
 m - a +6 ring of dexterity (right hand)
Wands
 s - a wand of acid (7)
Scrolls
 g - 3 scrolls of blinking
 i - a scroll of enchant weapon {unknown}
 l - 3 scrolls of amnesia {unknown}
 n - a scroll of fear {unknown}
 o - 5 scrolls of identify
 q - a scroll of enchant armour {unknown}
Potions
 a - 2 potions of magic
 c - a potion of flight {unknown}
 j - 2 potions of attraction
 k - 3 potions of brilliance {unknown}
 p - a potion of might


   Skills:
 - Level 3.5 Fighting
 - Level 4.8(5.2) Polearms
 + Level 1.4(2.2) Staves
 - Level 1.5 Armour
 * Level 13.9 Dodging
 + Level 3.7 Stealth


You had 8 spell levels left.
You didn't know any spells.
Your spell library contained the following spells:

 Spells                   Type           Power        Failure   Level
 Animate Skeleton         Necr           0%           99%         1
 Apportation              Tloc           0%           99%         1
 Corona                   Hex            0%           99%         1
 Summon Small Mammal      Summ           0%           99%         1


Dungeon Overview and Level Annotations

Branches:
Dungeon (6/15)
 Temple: D:4-7

Altars:
Ashenzari
Cheibriados
Dithmenos
Nemelex Xobeh
Uskayaw


Message History

* * * LOW HITPOINT WARNING * * *
The jelly is almost dead.
The jelly barely misses you.
You catch the helpless jelly completely off-guard!
You hit the jelly.
Your hands burn!
* * * LOW HITPOINT WARNING * * *
The jelly is almost dead.
A water moccasin zombie comes into view.
You catch the helpless jelly completely off-guard!
You hit the jelly.
You kill the jelly!
Trog accepts your kill.
You hit the water moccasin zombie.
The water moccasin zombie is lightly damaged.
The water moccasin zombie bites you.
* * * LOW HITPOINT WARNING * * *
You closely miss the water moccasin zombie.
The water moccasin zombie is lightly damaged.
The water moccasin zombie completely misses you.
The water moccasin zombie barely misses you.
You completely miss the water moccasin zombie.
The water moccasin zombie is lightly damaged.
The water moccasin zombie bites you but does no damage.
You hit the water moccasin zombie. You burn the water moccasin zombie.
The water moccasin zombie is lightly damaged.
The water moccasin zombie closely misses you.
The water moccasin zombie completely misses you.
You hit the water moccasin zombie but do no damage.
The water moccasin zombie is lightly damaged.
The water moccasin zombie completely misses you.
You thump the water moccasin zombie!
The water moccasin zombie seems to grow stronger.
The water moccasin zombie is moderately damaged.
The water moccasin zombie bites you!
* * * LOW HITPOINT WARNING * * *
You hit the water moccasin zombie but do no damage.
The water moccasin zombie is moderately damaged.
The water moccasin zombie bites you but does no damage.
The water moccasin zombie bites you.
You die...

####.(..).[ ########
#....##...# ......
#.#####...# ..... #.#
##### ... #.# #.# #.#
######.#####'######
#.................#
#....@..........#.####
#....Z)########## #..
#......# #.. #......#
#.. #......# #..
#......# #.. ######.#
#.. #.# ### ..#


You could see a water moccasin zombie (strong).

Vanquished Creatures
  Prince Ribbit (D:5)
  Grinder (D:5)
  A human (shapeshifter) (D:6)
  Menkaure (D:5)
  Duvessa (D:4)
  A sky beast (D:6)
  3 ogres
  A bullfrog (D:6)
  A gnoll sergeant (D:6)
  Dowan (D:4)
  2 scorpions (D:4)
  A jelly (D:6)
  A bullfrog zombie (D:3)
  Crazy Yiuf (D:5)
  A gnoll shaman (D:5)
  Natasha (twice) (D:4)
  3 orc wizards
  3 worker ants (D:4)
  A hound zombie (D:5)
  A howler monkey skeleton (D:4)
  12 adders
  10 gnolls
  A shadow imp (D:5)
  A white imp (D:5)
  An ufetubus (D:5)
  An adder zombie (D:5)
  An adder skeleton (D:5)
  4 worms
  2 dart slugs
  8 orcs
  6 giant cockroaches
  5 goblins
  7 hobgoblins
  5 jackals
  A quokka (D:5)
  3 ball pythons (D:1)
  10 bats
  7 frilled lizards
  6 kobolds
  A leopard gecko skeleton (D:5)
  2 quokka skeletons
  11 rats
133 creatures vanquished.

Vanquished Creatures (others)
  11 fungi
  37 plants (D:3)
48 creatures vanquished.

Grand Total: 181 creatures vanquished

Notes
Turn   | Place    | Note
-------+----------+-------------------------------------------
     0 | D:1      | Raphroland the Merfolk Berserker began the quest for the
                  | Orb.
     0 | D:1      | Reached XP level 1. HP: 18/18 MP: 1/1
   447 | D:1      | Reached XP level 2. HP: 24/24 MP: 2/2
   450 | D:1      | Reached skill level 3 in Dodging
  1050 | D:1      | Reached ** piety under Trog
  1055 | D:1      | Upgraded the game from 0.27-a0-333-gfa571bf19a to
                  | 0.27-a0-334-g52645efa06
  1055 | D:1      | Reached XP level 3. HP: 14/29 MP: 3/3
  1098 | D:1      | Reached skill level 4 in Dodging
  1824 | D:2      | Found a snail-covered altar of Cheibriados.
  1940 | D:2      | Found a sparkling altar of Nemelex Xobeh.
  2063 | D:2      | Reached XP level 4. HP: 32/35 MP: 4/4
  2126 | D:2      | Found a broken altar of Ashenzari.
  2263 | D:2      | Found a shadowy altar of Dithmenos.
  2420 | D:3      | Reached skill level 5 in Dodging
  2522 | D:3      | Reached XP level 5. HP: 32/41 MP: 5/5
  2752 | D:3      | Reached skill level 6 in Dodging
  2773 | D:3      | Reached skill level 1 in Stealth
  2972 | D:3      | Noticed a +0 dagger
  2972 | D:3      | Noticed a +0 dagger
  2973 | D:3      | Found a hide-covered altar of Uskayaw.
  3912 | D:3      | Reached *** piety under Trog
  4046 | D:4      | Noticed Duvessa
  4046 | D:4      | Noticed Dowan
  4063 | D:4      | Killed Duvessa
  4064 | D:4      | Reached skill level 7 in Dodging
  4064 | D:4      | Reached XP level 6. HP: 32/47 MP: 6/6
  4068 | D:4      | Noticed Natasha
  4073 | D:4      | Reached skill level 8 in Dodging
  4088 | D:4      | Killed Natasha
  4126 | D:4      | Killed Dowan
  4280 | D:4      | Reached skill level 9 in Dodging
  4280 | D:4      | Reached XP level 7. HP: 41/52 MP: 7/7
  4525 | D:4      | Noticed Natasha
  4539 | D:4      | Killed Natasha
  4969 | D:4      | Reached skill level 10 in Dodging
  5176 | D:5      | Entered Level 5 of the Dungeon
  5294 | D:5      | Upgraded the game from 0.27-a0-334-g52645efa06 to
                  | 0.27-a0-341-g40fdf68bc5
  5372 | D:5      | Noticed Grinder
  5373 | D:5      | Noticed Prince Ribbit
  5375 | D:5      | Paralysed by Grinder for 3 turns
  5398 | D:5      | Killed Grinder
  5398 | D:5      | Reached **** piety under Trog
  5399 | D:5      | Reached skill level 11 in Dodging
  5399 | D:5      | Reached XP level 8. HP: 36/58 MP: 8/8
  5443 | D:5      | Killed Prince Ribbit
  5653 | D:5      | Reached skill level 12 in Dodging
  5901 | D:5      | Got a wizard robe
  6072 | D:5      | Found a runed translucent door.
  6073 | D:5      | Noticed Crazy Yiuf
  6083 | D:5      | Killed Crazy Yiuf
  6142 | D:5      | Noticed Menkaure
  6152 | D:5      | Killed Menkaure
  6153 | D:5      | Reached skill level 13 in Dodging
  6359 | D:6      | Noticed a shapeshifter
  6359 | D:6      | an iguana changed into a shapeshifter
  6359 | D:6      | a shapeshifter changed into a human
  6371 | D:6      | Reached XP level 9. HP: 54/64 MP: 9/9
  6476 | D:6      | Reached skill level 1 in Staves
  6654 | D:6      | HP: 1/64 [water moccasin zombie (8)]
  6655 | D:6      | Slain by a water moccasin zombie

Illustrated notes

Levels and vault maps discovered:
D:1:      dpeg_arrival_simpleton_c, layout_loops_corners
D:2:      layout_rooms, lemuel_crystal_altar, ashenzari_conservatory_becter,
          general_overflow_altar, st_stairs_4,
          nicolae_dithmenos_through_a_glass_darkly
D:3:      layout_basic, dancing_weapons_uskayaw, serial_bayou,
          serial_bayou_pond_c, serial_bayou_ford_a, serial_bayou_lagoon_a,
          serial_bayou_shore_a, st_stairs_12
D:4:      old_forge, layout_loops_ring, uniq_natasha, uniq_duvessa
D:5:      layout_cave_pools, uniq_menkaure, uniq_prince_ribbit1,
          uniq_crazy_yiuf_cottage, uniq_grinder
D:6:      layout_basic, nzn_wu_jian_contemplation,
          minmay_temple_entry_from_below_b, sigmund_army, uniq_maggie,
          uniq_blork_the_orc

Skill      XL: |  1  2  3  4  5  6  7  8  9 |
---------------+----------------------------+-----
Dodging        | 3 4 5 7 9 11 13 | 13.9
Stealth        | 1 2 3 |  3.7
Staves         | 1 |  1.4
Fighting       | |  3.5
Polearms       | |  4.8
Armour         | |  1.5

Action                   |  1- 3 |  4- 6 |  7- 9 || total
-------------------------+-------+-------+-------++-------
Melee: Spear             |   122 |       |       ||   122
       Trident           |     3 |   293 |   280 ||   576
       Tailslap          |       |    23 |       ||    23
       Quarterstaff      |       |       |    81 ||    81
  Use: Potion            |     4 |     1 |     2 ||     7
       Scroll            |     1 |     1 |     1 ||     3
 Stab: Sleeping          |     1 |     1 |       ||     2
       Petrified         |       |       |     4 ||     4
       Confused          |       |       |     2 ||     2
Armor: Animal skin       |     8 |       |       ||     8
       Leather armour    |    27 |    43 |       ||    70
       Scale mail        |       |    55 |    56 ||   111
       Chain mail        |       |       |   137 ||   137
Dodge: Dodged            |   152 |   231 |   425 ||   808

Table legend: (Time is in decaauts)
 A = Elapsed time spent in this place.
 B = Non-inter-level travel time spent in this place.
 C = Inter-level travel time spent in this place.
 D = Time resting spent in this place.
 E = Time spent auto-exploring this place.
 F = Levels seen in this place.
 G = Mean time per level.
                   A        B        C        D        E       F      G
               +--------+--------+--------+--------+--------+-----+--------+
         Total |   6639 |   6453 |    186 |    300 |      0 |   6 | 1106.5 |
       Dungeon |   6639 |   6453 |    186 |    300 |      0 |   6 | 1106.5 |
               +--------+--------+--------+--------+--------+-----+--------+

Top non-repeatable levels by time:
     D:1: 1705 daAuts
     D:3: 1598 daAuts
     D:5: 1175 daAuts
     D:4: 1142 daAuts
     D:2: 683 daAuts
     D:6: 332 daAuts
